AoeStats
← Kanyaga

Arabia

508473585Analyzed
1v1 RM · 10d ago on Sep 22, 2026· 38m 55s· 2 players
Game mode
Random Map
Map size
Tiny (2 player)
Population
200
Speed
Normal
Resources
Standard
Victory
Conquest
Starting age
Dark Age
Ending age
Imperial Age
RankedLock teamsTeams togetherTeam positionsShared explorationLock speedFull tech treeHidden civsTurbo modeCheats
Victory
Defeat
🇩🇴 Ethiopians · Dominican Republic
1508
+16
🇹🇷 Persians · Türkiye
1517
-16
RD | Telematico
6:57 Loom
9:19 Feudal Age
9:49 Double-Bit Axe
14:00 Fletching
17:28 Padded Archer Armor
25:05 Castle Age
24:54 Horse Collar
26:19 Bodkin Arrow
27:38 Gold Mining
28:41 Crossbowman
28:51 Elite Skirmisher
33:47 Scale Barding Armor
35:49 Ballistics
37:15 Wheelbarrow
37:17 Bow Saw
39:47 Leather Archer Armor
Kanyaga
7:14 Loom
10:27 Feudal Age
11:02 Double-Bit Axe
14:05 Town Watch
14:19 Fletching
20:30 Padded Archer Armor
24:37 Scale Mail Armor
24:47 Forging
24:47 Man-at-Arms
31:38 Castle Age
29:39 Gold Mining
29:44 Horse Collar
31:09 Bloodlines
31:38 Elite Skirmisher
Connection lost

Rejoining the realm…

Still unreachable

The connection could not be restored.

Session expired

The server has moved on; the page needs a fresh start.